 Dungeon Crawl Stone Soup version 0.19.1 (webtiles) character file.

236 KingBobo974 the Skirmisher (level 5, 0/48 HPs)
             Began as a Minotaur Abyssal Knight on Dec 10, 2016.
             Was a Follower of Uskayaw.
             Slain by a thrashing horror (2 damage)
             ... created by the touch of Lugonu
             ... on level 4 of the Dungeon.
             The game lasted 00:10:29 (2328 turns).

KingBobo974 the Skirmisher (MiAK)                   Turns: 2328, Time: 00:10:31

Health: 0/48       AC:  5    Str: 17    XL:     5   Next: 77%
Magic:  5/5        EV:  6    Int:  9    God:    Uskayaw [*.....]
Gold:   197        SH: 12    Dex: 10    Spells: 0 memorised, 4 levels left

rFire  . . .     SeeInvis .     j - +2 dagger (venom)
rCold  . . .     Gourm    .     m - +0 ring mail
rNeg   . . .     Faith    .     t - +0 large shield
rPois  .         Spirit   .     (helmet restricted)
rElec  .         Reflect  .     (no cloak)
rCorr  .         Harm     .     (no gloves)
MR     .....                    (no boots)
Stlth  ..........               (no amulet)
                                (no ring)
                                (no ring)

@: no status effects
A: retaliatory headbutt, horns 2
a: Stomp, Renounce Religion


You were on level 4 of the Dungeon.
You worshipped Uskayaw.
Uskayaw was noncommittal.
You were not hungry.

You visited 1 branch of the dungeon, and saw 4 of its levels.
You visited the Abyss 1 time.

You collected 197 gold pieces.

Inventory:

Hand Weapons
 a - a +1 hand axe
 j - a +2 dagger of venom (weapon)
 s - a +1 short sword of flaming
Armour
 b - a +0 leather armour
 m - a +0 ring mail (worn)
 t - a +0 large shield (worn)
Scrolls
 d - a scroll of remove curse
 g - a scroll of noise
 q - a scroll of magic mapping
 u - a scroll of identify
Potions
 e - a potion of brilliance {unknown}
 f - 3 potions of heal wounds
 h - a potion of magic {unknown}
 i - a potion of cancellation
 k - 2 potions of might {unknown}
 l - a potion of resistance {unknown}
 n - 3 potions of curing {unknown}
 o - a potion of mutation {unknown}
Comestibles
 c - 2 bread rations
 p - 2 meat rations


   Skills:
 * Level 5.2 Fighting
 * Level 5.0 Axes
 + Level 3.5 Armour
 - Level 1.1 Dodging
 * Level 2.3 Shields
 - Level 1.7 Invocations


You had 4 spell levels left.
You didn't know any spells.

Dungeon Overview and Level Annotations

Branches:
Dungeon (4/15)
 Temple: D:4-7

Altars:
Ashenzari
Ru
Uskayaw


Innate Abilities, Weirdness & Mutations

You reflexively headbutt those who attack you in melee.
You have a pair of horns on your head.


Message History

You see here a mace.
You hit the thrashing horror. You headbutt the thrashing horror.
The thrashing horror is lightly damaged.
The thrashing horror closely misses you.
The thrashing horror tramples you.
* * * LOW HITPOINT WARNING * * *
You stumble backwards!
You hit the thrashing horror but do no damage.
The thrashing horror is lightly damaged.
You block the thrashing horror's attack.
The thrashing horror tramples you.
* * * LOW HITPOINT WARNING * * *
You stumble backwards!
You block the thrashing horror's attack.
The thrashing horror tramples you!
* * * LOW HITPOINT WARNING * * *
You stumble backwards!
You block the thrashing horror's attack.
The thrashing horror tramples you.
You die...

... ... #######
..# # #.....#
#.#.# #.....#
##.#.# #...@.#
....
#...X.####.#####..
#.....))(.....<...
#.....####)#######
###..... #.....#
#..###.#####.#
#... # #.## #.


You could see a thrashing horror.

Vanquished Creatures
  A scorpion (D:4)
  A crimson imp (D:4)
  An orc priest (D:4)
  An orc wizard (D:4)
  A gnoll (D:1)
  3 adders
  2 worms
  3 dart slugs
  A leopard gecko (D:3)
  3 orcs
  A giant cockroach (D:3)
  A goblin (D:1)
  4 hobgoblins
  5 jackals
  5 kobolds
  2 quokkas (D:2)
  7 bats
  4 frilled lizards
  5 rats
51 creatures vanquished.

Notes
Turn   | Place    | Note
-------+----------+-------------------------------------------
     0 | Abyss:1  | KingBobo974 the Minotaur Abyssal Knight began the quest for the Orb.
     0 | Abyss:1  | Reached XP level 1. HP: 19/19 MP: 1/1
    45 | Abyss:1  | Found a corrupted altar of Lugonu.
    73 | Abyss:1  | Noticed a large abomination
    78 | Abyss:1  | Noticed a chaos spawn
   115 | D:1      | Escaped the Abyss
   238 | D:1      | Reached * piety under Lugonu
   293 | D:1      | Reached XP level 2. HP: 24/27 MP: 2/2
   752 | D:2      | Reached XP level 3. HP: 17/33 MP: 3/3
  1001 | D:2      | Found a shattered altar of Ashenzari.
  1184 | D:2      | Found a hide-covered altar of Uskayaw.
  1187 | D:2      | Found a shattered altar of Ashenzari.
  1187 | D:2      | Found a sacrificial altar of Ru.
  1538 | D:3      | Reached XP level 4. HP: 36/41 MP: 4/4
  1648 | D:3      | Found a faded altar of an unknown god.
  1655 | D:3      | Fell from the grace of Lugonu
  1655 | D:3      | Became a worshipper of Uskayaw the Reveler
  1655 | D:3      | Reached * piety under Uskayaw
  1768 | D:3      | Reached ** piety under Uskayaw
  2152 | D:4      | Reached skill level 1 in Shields
  2152 | D:4      | Reached XP level 5. HP: 39/47 MP: 5/5
  2162 | D:4      | Reached skill level 5 in Fighting
  2166 | D:4      | Reached skill level 5 in Axes
  2170 | D:4      | Reached *** piety under Uskayaw
  2323 | D:4      | Noticed a thrashing horror
  2328 | D:4      | HP: 2/48 [thrashing horror[the touch of Lugonu] (7)]
  2328 | D:4      | Slain by a thrashing horror

Skill      XL: |  1  2  3  4  5 |
---------------+----------------+-----
Fighting       | 4 5 |  5.2
Axes           | 3 4 5 |  5.0
Armour         | 3 |  3.5
Shields        | 1 2 |  2.3
Dodging        | |  1.1
Invocations    | |  1.7

Action                   |  1- 3 |  4- 6 || total
-------------------------+-------+-------++-------
Melee: Hand axe          |    62 |       ||    62
       Headbutt          |    10 |    10 ||    20
       Dagger            |    21 |    58 ||    79
Invok: Depart the Abyss  |     1 |       ||     1
       Stomp             |       |     1 ||     1
  Use: Scroll            |     8 |     1 ||     9
  Eat: Beef jerky        |     1 |       ||     1
       Bread ration      |       |     1 ||     1
Armor: Leather armour    |    16 |       ||    16
       Ring mail         |    27 |    28 ||    55
Dodge: Dodged            |    65 |    11 ||    76
Block: Large shield      |       |    38 ||    38
